[Event "44th Chess Olympiad Women 2022"]
[Site "Chennai"]
[Date "2022.08.05"]
[Round "7.33"]
[White "Silva, Ana Ines Teixeira D"]
[Black "Sezdbekova Aizhan"]
[Result "1/2-1/2"]
[WhiteElo "1775"]
[BlackElo "1615"]
[Annotator "NA"]
[PlyCount "75"]
[EventDate "2022.??.??"]
[TimeControl "60"]

1. e4 e5 2. Nf3 Nc6 3. Nc3 Nf6 4. d4 exd4 5. Nxd4 Bb4 6.
Nxc6 bxc6 7. Bd3 d5 8. exd5 cxd5 9. O-O O-O 10. h3 h6 11.
Bf4 c6 12. Qf3 Bd6 13. Ne2 Bxf4 14. Qxf4 Nh5 15. Qf3 Qg5 16. c4 Be6 17. Rac1 Rad8 18. cxd5 Bxd5 19. Be4 Bxe4 20. Qxe4 Rfe8 21. Qf3 Rd6 22. Ng3 Nxg3 23. fxg3 Qe3+ 24. Qxe3 Rxe3 25. g4 Re2 26. Rf3 Rxb2 27. Ra3 Rb7 28. Ra6 Rc7 29. Rc5 Kf8 30. Kf2 Re6 31. g5 h5 32. Ra4 g6 33. Kf3 Rd7 34. Ra6 Rc7 35. Rca5 Ree7 36. Rc5 Re6 37. Rca5 Ree7 38. Rc5 1/2-1/2

[Event "44th Chess Olympiad Women 2022"]
[Site "Chennai"]
[Date "2022.08.05"]
[Round "7.33"]
[White "Silva, Mariana Sofia T."]
[Black "Samaganova, Alexandra"]
[Result "0-1"]
[WhiteElo "1912"]
[BlackElo "1864"]
[Annotator "NA RC"]
[PlyCount "110"]
[EventDate "2022.??.??"]
[TimeControl "60"]

1. d4 Nf6 2. c4 e6 3. g3 d5 4. Bg2 c5 5. cxd5 Nxd5 6. Nf3 Nc6 7. O-O Be7 8.
dxc5 Bxc5 9. Qc2 Qe7 10. a3 a5 11. e4 Nc7 12. e5 f6 13. exf6 gxf6 14. Nc3 O-O 15. Bh6 Rf7 16. Rad1 e5 17. Ne4 Bd4 18. h3 Be6 19. Rfe1 Rd8 20. Qa4 Bb6 21. Rxd8+ Nxd8 22. Rd1 Bd5 23. Nc3 Bc6 24. Qg4+ Kh8 25. Nh4 Nce6 26. Nf5 Qc7 27. Nd5 Bxd5 28. Bxd5 Rd7 29. Rc1 Qb8 30. Ng7 Rxg7 31. Bxg7+ Nxg7 32. Qd7 e4 33. Kg2 Qe5 34. Rc8 e3 35. Rxd8+ Bxd8 36. Qxd8+ Ne8 37. fxe3 Qxe3 38. Bf3 Qe5 39. h4 Qxb2+ 40. Kh3 Qe5 41. Qc8 Kg7 42. Qd7+ Kf8 43. Qxh7 Ng7 44. Bg4 Qd5 45. Qb1 f5 46. Qf1 Ke7 47. Bf3 Qb3 48. Qe2+ Ne6 49. a4 Kf6 50. Qd1 Qc3 51. Kh2 b6 52. h5 Nd4 53. Bg2 Kg5 54. Qb1 Ne2 55.
Bf1 Qxg3+ 0-1

[Event "44th Chess Olympiad Women 2022"]
[Site "Chennai"]
[Date "2022.08.05"]
[Round "7.33"]
[White "Sovetbekova, Nurai"]
[Black "Avelino, Camila Biscaya"]
[Result "1-0"]
[WhiteElo "1693"]
[BlackElo "1863"]
[Annotator "NA RC"]
[PlyCount "119"]
[EventDate "2022.??.??"]
[TimeControl "60"]

1. d4 Nf6 2. c4 g6 3. g3 Bg7 4. Bg2 O-O 5. Nc3 d6 6. Nf3 Nbd7 7. O-O e5 8. e4 exd4 9. Nxd4 Re8 10. h3 Nc5 11. Re1 Bd7 12. Rb1 Qc8 13. Kh2 Re5 14. f4 Rh5 15. f5 gxf5 16. Nd5 Nxd5 17. exd5 Rh6 18. Bxh6 Bxh6 19. b4 Ne4 20. Bxe4 fxe4 21. Qh5 Qf8 22. Rxe4 Bg7 23. Rbe1 Be5 24. Nf5 Bxf5 25. Qxf5 Qh6 26. R1e2 Kh8 27. Rg4 f6 28. Kg2 Rf8 29. Rf2 Qe3 30. Qd7 f5 31. Qe7 Rc8 32. Rxf5 Qd2+ 33. Rf2 Qh6 34. Rh4 Qg6 35. Rf8+ Rxf8 36. Qxf8+ Qg8 37. Qxg8+ Kxg8 38. Kf3 Kg7 39. Ke4 Bc3 40. b5 Kg6 41. Rg4+ Kf6 42. Rg8 Ba5 43. Rb8 Bb6 44. Rxb7 Kg6 45. Rb8 Kg5 46. Rg8+ Kf6 47. Re8 Kf7 48. Re6 Bf2 49. Kf3 Bc5 50. h4 Ba3 51. g4 Bc5 52. Kf4 Ba3 53. Kf5 Bc5 54. g5 Bf2 55.
h5 Bb6 56. g6+ hxg6+ 57. hxg6+ Kg7 58. Re7+ Kf8 59. Rf7+ Kg8 60. Ke6 1-0

[Event "44th Chess Olympiad Women 2022"]
[Site "Chennai"]
[Date "2022.08.05"]
[Round "7.33"]
[White "Zairbek kyzy, Begimai"]
[Black "Pipiras, Filipa Fortuna"]
[Result "0-1"]
[WhiteElo "1949"]
[BlackElo "2139"]
[Annotator "NA"]
[PlyCount "74"]
[EventDate "2022.??.??"]
[TimeControl "60"]

1. e4 c5 2. c3 Nf6 3. e5 Nd5 4. d4 cxd4 5. Nf3 Nc6 6. cxd4 d6 7. Bc4 dxe5 8.
dxe5 Ndb4 9. Qb3 e6 10. O-O Na5 11. Bb5+ Bd7 12. Qa4 Bxb5 13. Qxb5+ Nac6 14. Nc3 a6 15. Qe2 Qd3 16. Rd1 Qxe2 17. Nxe2 Bc5 18. a3 Nd5 19. Nf4 Nce7 20. Nxd5 Nxd5 21. Nd2 O-O 22. Ne4 Ba7 23. Bd2 Bd4 24. Bc3 Nxc3 25. bxc3 Bxe5 26. Rd7 b5 27. Rad1 Rfc8 28. g3 h6 29. f4 Bxc3 30. Rb7 Bb2 31. Rdd7 Bxa3 32. Rxf7 Bf8 33. Kg2 a5 34. g4 a4 35. Nd6 Rc2+ 36. Kf3 a3 37. Nxb5 a2 0-1

[Event "44th Chess Olympiad Women 2022"]
[Site "Chennai"]
[Date "2022.08.05"]
[Round "7.34"]
[White "Antonova, Nadezhda"]
[Black "Ptacnikova, Lenka"]
[Result "1-0"]
[WhiteElo "1832"]
[BlackElo "2066"]
[Annotator "NA RC"]
[PlyCount "105"]
[EventDate "2022.??.??"]
[TimeControl "60"]

1. d4 Nf6 2. c4 e6 3. g3 d5 4. Nf3 c6 5. Bg2 Nbd7 6. Qc2 Be7 7. O-O O-O 8.
Bf4 Ne4 9. Nfd2 g5 10. Be3 f5 11. Nxe4 dxe4 12. Nc3 Nb6 13. b3 Bd7 14. Rad1 Rc8 15. a4 a5 16. Bc1 Qc7 17. f3 exf3 18. exf3 Bf6 19. f4 g4 20. Kh1 h5 21. Qf2 Rcd8 22. Be3 Nc8 23. Rc1 Rf7 24. Ne2 h4 25.
gxh4 Rh7 26. Ng3 Bxh4 27. d5 c5 28. Kg1 b6 29. Bd2 Ne7 30.
Bc3 exd5 31. cxd5 Ng6 32. Rce1 Bc8 33. Be5 Qf7 34. Rd1 Bb7 35. Qd2 Rd7 36. Qd3 Bxg3 37. hxg3 Ne7 38. d6 Nc8 39. Bxb7 Rxb7 40. Kg2 Rd7 41. Rh1 Ne7 42. Rxh7 Kxh7 43. Qb5 Nd5 44. Kf2 Nb4 45. Rd2 Kg6 46. Qc4 Qe8 47. Re2 Rh7 48. Ke1 Rh1+ 49. Kd2 Kh5 50. Bc3 Qd7 51. Qe6 Qxe6 52. Rxe6 Rh2+ 53. Kd1 1-0

[Event "44th Chess Olympiad Women 2022"]
[Site "Chennai"]
[Date "2022.08.05"]
[Round "7.34"]
[White "Finnbogadottir, Tinna Kristin"]
[Black "Hotami, Mutriba"]
[Result "1/2-1/2"]
[WhiteElo "1828"]
[BlackElo "1846"]
[Annotator "NA RC"]
[PlyCount "90"]
[EventDate "2022.??.??"]
[TimeControl "60"]

1. e4 c5 2. c3 e5 3. Nf3 Nc6 4. Bc4 d6 5. d3 h6 6. Nbd2 Nf6 7. O-O Be7 8.
Bb3 O-O 9. Re1 Nh7 10. Nf1 Ng5 11. Ne3 Be6 12. Bc2 Nxf3+ 13. Qxf3 Bg5 14. Nf5 Bxc1 15. Raxc1 Bxf5 16. Qxf5 Ne7 17. Qg4 Ng6 18. Bb3 Qg5 19. Qxg5 hxg5 20. f3 Rac8 21. a4 Nf4 22. Bc4 Ne6 23. Bxe6 fxe6 24. c4 Kf7 25. Kf2 Kf6 26. Rc2 Rfd8 27. Ke2 d5 28. Rec1 b6 29. Rd2 dxc4 30. dxc4 Rd4 31. Rcc2 Rcd8 32. h3 Rxd2+ 33. Rxd2 Rd4 34. b3 Ke7 35. Ra2 a5 36. Ra1 Kf6 37. g4 Rd8 38. Rh1 Rd7 39. h4 gxh4 40.
Rxh4 Rd8 41. Rh5 Rf8 42. Ke3 Rd8 43. Ke2 Rg8 44. Ke3 Rd8 45.
Ke2 Rf8 1/2-1/2

[Event "44th Chess Olympiad Women 2022"]
[Site "Chennai"]
[Date "2022.08.05"]
[Round "7.34"]
[White "Johannsdottir, Johanna Bjorg"]
[Black "Abrorova, Sabrina"]
[Result "1-0"]
[WhiteElo "1976"]
[BlackElo "1799"]
[Annotator "NA RC"]
[PlyCount "95"]
[EventDate "2022.??.??"]
[TimeControl "60"]

1. e4 c5 2. Nf3 d6 3. d4 cxd4 4. Nxd4 Nf6 5. Nc3 a6 6. g3 e6 7. a4 b6 8. Bg2 Bb7 9. O-O Qc7 10. Be3 Nbd7 11. f3 Be7 12. Qd2 Rc8 13.
Rad1 Ne5 14. Bf2 h5 15. Nde2 Nfd7 16. b3 Qc6 17. h3 b5 18. f4 Ng6 19. Rc1 f5 20. axb5 axb5 21. Nxb5 fxe4 22. Nbd4 e3 23. Bxc6 exd2 24. Bxb7 dxc1=Q 25. Rxc1 Rb8 26. Be4 Ngf8 27. Nc6 Rc8 28. Ned4 d5 29. Bd3 Nc5 30. Bb5 Kf7 31. Ra1 Nfd7 32. Nxe7 Kxe7 33. b4 Ne4 34. Ra7 Nef6 35. Ra6 Nf8 36. Nc6+ Kf7 37. Ra7+ N6d7 38. Ne5+ Kf6 39. Nxd7+ Nxd7 40. Rxd7 e5 41.
Rd6+ Ke7 42. Bc5 exf4 43. gxf4 d4 44. Rxd4+ Kf6 45. Rd6+ Kf7 46. Bc4+ Ke8 47. Ba6 Rc7 48. Bb6 1-0

[Event "44th Chess Olympiad Women 2022"]
[Site "Chennai"]
[Date "2022.08.05"]
[Round "7.34"]
[White "Saidova, Rukhshona"]
[Black "Thorsteinsdottir, Hallgerdur"]
[Result "1/2-1/2"]
[WhiteElo "1624"]
[BlackElo "1934"]
[Annotator "NA"]
[PlyCount "135"]
[EventDate "2022.??.??"]
[TimeControl "60"]

1. e4 c6 2. d4 d5 3. Nc3 dxe4 4. Nxe4 Bf5 5. Ng3 Bg6 6. h4 h6 7. h5 Bh7 8. Nf3 e6 9. Bd3 Bxd3 10. Qxd3 Nf6 11. Bd2 Nbd7 12. O-O-O Be7 13. Kb1 O-O 14. Ne4 Nxe4 15. Qxe4 Nf6 16. Qe2 Qd5 17. Ne5 a5 18. f3 a4 19. Bc1 Qa5 20. Ng6 Rfe8 21. Nxe7+ Rxe7 22. g4 a3 23. Bd2 Qb6 24. b3 Qxd4 25. c3 Qc5 26. g5 hxg5 27. h6 g6 28.
h7+ Kh8 29. Rdg1 Qf5+ 30. Kc1 Nd5 31. Bxg5 Nf4 32. Qe4 Nd5 33. Bxe7 Nxe7 34. Qxf5 exf5 35. Re1 Nd5 36. Kc2 Kg7 37. b4 b5 38. Kb3 Nf6 39. h8=Q+ Rxh8 40. Rxh8 Kxh8 41. Kxa3 Kg7 42. Kb3 g5 43. c4 g4 44. fxg4 fxg4 45. cxb5 cxb5 46. Re5 Kg6 47. Rxb5 Ne4 48. Rd5 f5 49. Rd1 f4 50. a4 g3 51. a5 g2 52. Rg1 f3 53. a6 Kf5 54. a7 f2 55. Rxg2 f1=Q 56. a8=Q Qxg2 57. Qd5+ Kf4 58. Qf7+ Ke3 59. Qa7+ Ke2 60. Qa6+ Kf3 61. Qd3+ Kf4 62. Qd4 Qf3+ 63. Ka4 Qe2 64. b5 Kf3 65. Qd5 Kf4 66. Qd4 Kf3 67. Qd5 Kf4 68. Qd4 1/2-1/2

[Event "44th Chess Olympiad Women 2022"]
[Site "Chennai"]
[Date "2022.08.05"]
[Round "7.35"]
[White "Bouah, Denise"]
[Black "Hamza, Amira"]
[Result "0-1"]
[WhiteElo "1736"]
[BlackElo "1848"]
[Annotator "NA RC"]
[PlyCount "110"]
[EventDate "2022.??.??"]
[TimeControl "60"]

1. e4 e6 2. Qe2 d5 3. exd5 Qxd5 4. Nc3 Qd8 5. Nf3 Nf6 6. d4 Be7 7. g3 O-O 8. Bg2 Nc6 9. Be3 Nb4 10. O-O Nbd5 11. Bd2 Nxc3 12. Bxc3 c6 13. Rad1 Qb6 14. b3 Bb4 15. Bxb4 Qxb4 16. c4 a5 17. Qe1 Qa3 18. Ra1 Rd8 19. Qc1 Qb4 20. Qe1 Bd7 21. Qxb4 axb4 22. Ne1 Be8 23. Nc2 Rd6 24. Rfd1 Rad8 25. Bf3 h6 26. Kf1 Nh7 27. Nxb4 Rxd4 28. Rxd4 Rxd4 29. Ke2 Ng5 30. Bg2 f6 31. a4 e5 32. a5 Ne6 33. a6 bxa6 34. Nxc6 Rd6 35. Ne7+ Kf8 36. Nd5 Nd4+ 37. Kd3 Nxb3 38. Ra3 Nc5+ 39. Kc3 Bg6 40. Ra5 Ne4+ 41. Kb4 Nxf2 42. Kc5 Rd8 43. Rxa6 Nd3+ 44. Kb6 Rd6+ 45. Ka7 Rd7+ 46. Kb8 Nc5 47. Rc6 Be4 48. Rc8+ Kf7 49. Bh3 Bxd5 50. Bxd7 Nxd7+ 51. Ka7 Be6 52. c5 e4 53. c6 Ne5 54. Rc7+ Kf8 55. Kb6 e3 0-1

[Event "44th Chess Olympiad Women 2022"]
[Site "Chennai"]
[Date "2022.08.05"]
[Round "7.35"]
[White "Nassr, Lina"]
[Black "February, Jesse Nikki"]
[Result "1-0"]
[WhiteElo "2011"]
[BlackElo "1872"]
[Annotator "NA RC"]
[PlyCount "107"]
[EventDate "2022.??.??"]
[TimeControl "60"]

1. c4 e6 2. e3 Nf6 3. Nc3 d5 4. Nf3 Be7 5. d4 O-O 6. cxd5 exd5 7. Bd3 b6 8.
O-O Bb7 9. b3 Nbd7 10. Bb2 Ne4 11. Rc1 c5 12. Ne2 h5 13. Ne5 Bd6 14. Nf4 h4 15. Qh5 Bxe5 16. dxe5 Qg5 17. Bxe4 Qxh5 18. Nxh5 dxe4 19. Rfd1 Nb8 20. e6 fxe6 21. Nxg7 Bd5 22. Nh5 Nd7 23. Nf4 Rf5 24. Rd2 b5 25. g4 hxg3 26. hxg3 Kf7 27. Kg2 Rg8 28. Rh1 a5 29. Rh7+ Ke8 30. Rd1 a4 31. bxa4 bxa4 32. Bc3 Kd8 33. Rb1 Kc8 34. Rb2 a3 35. Rb5 Bxa2 36. Ra5 e5 37. Ra8+ Nb8 38. Nh3 Re8 39. Rxa3 Bf7 40. Ra7 Nd7 41. Ba5 Re7 42. Rc7+ Kb8 43. g4 Rf6 44. Ng5 c4 45. Nxf7 Rexf7 46. Rh8+ Rf8 47. Rxf8+ Nxf8 48. Rxc4 Nd7 49. Rxe4 Rg6 50. Kg3 Kb7 51. Bc3 Nf6 52. Rb4+ Kc6 53. Bxe5 Kc5 54. Rd4 1-0

[Event "44th Chess Olympiad Women 2022"]
[Site "Chennai"]
[Date "2022.08.05"]
[Round "7.35"]
[White "Nassr, Rania"]
[Black "Badenhorst, Chloe"]
[Result "1/2-1/2"]
[WhiteElo "1737"]
[BlackElo "1703"]
[Annotator "NA"]
[PlyCount "78"]
[EventDate "2022.??.??"]
[TimeControl "60"]

1. c4 Nf6 2. Nc3 d5 3. cxd5 Nxd5 4. e4 Nxc3 5. bxc3 g6 6.
d4 Bg7 7. Bc4 O-O 8. Ne2 c5 9. O-O Nc6 10. Be3 cxd4 11. cxd4 Bd7 12. Rb1 Rc8 13. Bd3 b6 14. Ba6 Rc7 15. d5 Ne5 16. Bd4 Bc8 17. Bb5 Nd7 18.
Bxg7 Kxg7 19. Nd4 Bb7 20. f4 Nf6 21. Qd3 Nxd5 22. exd5 Qxd5 23. Nf3 Qxa2 24. Ra1 Qb2 25. Rfb1 Qf6 26. Rxa7 Be4 27. Qxe4 Rxa7 28. Ne5 Qd6 29. Nc4 Qc5+ 30. Kh1 Rc8 31. h3 Rca8 32. Qe5+ Qxe5 33. Nxe5 Ra1 34. Rxa1 Rxa1+ 35. Kh2 Ra5 36. Bc4 Rc5 37. Bb3 Rb5 38. Bc4 Rc5 39. Bb3 Rb5 1/2-1/2

[Event "44th Chess Olympiad Women 2022"]
[Site "Chennai"]
[Date "2022.08.05"]
[Round "7.35"]
[White "Van Zyl, Charlize"]
[Black "Abdi, Zineb Dina"]
[Result "0-1"]
[WhiteElo "1704"]
[BlackElo "1899"]
[Annotator "NA"]
[PlyCount "106"]
[EventDate "2022.??.??"]
[TimeControl "60"]

1. d4 Nf6 2. c4 e6 3. g3 d5 4. Bg2 Nbd7 5. Nf3 dxc4 6. Qa4 a6 7. Nc3 Be7 8.
Qxc4 O-O 9. Bf4 c5 10. dxc5 Bxc5 11. Ne5 Qe7 12. O-O Nxe5 13. Bxe5 Nd7 14. Bf4 Nb6 15. Qe4 f5 16. Qc2 e5 17. Nd5 Nxd5 18. Bxd5+ Kh8 19. Bd2 Rd8 20. e4 fxe4 21. Bxe4 Bh3 22. Rfe1 Rac8 23. Bc3 Rf8 24. Re2 h6 25. Rae1 Bg4 26. Rd2 Bd4 27. Qb3 Qg5 28. h4 Qf6 29. Bxd4 exd4 30. Qxb7 Rb8 31. Qc6 Qxc6 32. Bxc6 Rfd8 33. b3 Rd6 34. Re8+ Rxe8 35. Bxe8 Bf3 36. Bf7 g5 37. Kh2 Kg7 38. Bc4 Kf6 39. Be2 Bxe2 40. Rxe2 d3 41. Rd2 Ke5 42. hxg5 hxg5 43. Kg2 Kd4 44. Kf1 Kc3 45. Rd1 Kc2 46. Ra1 d2 47. f4 d1=Q+ 48. Rxd1 Rxd1+ 49. Ke2 gxf4 50. gxf4 Rd8 51. b4 Rd4 52. Ke3 Rxb4 53. f5 Kb2 0-1

[Event "44th Chess Olympiad Women 2022"]
[Site "Chennai"]
[Date "2022.08.05"]
[Round "7.36"]
[White "A-ALI, Sali Abbas Abdulzah"]
[Black "Mayorga Araya, Sofia"]
[Result "1/2-1/2"]
[WhiteElo "1864"]
[BlackElo "1758"]
[Annotator "NA"]
[PlyCount "141"]
[EventDate "2022.??.??"]
[TimeControl "60"]

1. e4 c5 2. Nf3 d6 3. b3 Nf6 4. Nc3 Nc6 5. Bb2 e6 6. Bb5 Bd7 7. O-O Be7 8.
Re1 Qc7 9. d4 cxd4 10. Nxd4 a6 11. Bf1 O-O 12. g3 Rac8 13. Bg2 Rfd8 14. Nxc6 Bxc6 15. Qd3 b5 16. Ne2 e5 17. Rac1 d5 18. exd5 Nxd5 19. Qf5 Bf6 20. c4 Ne7 21. Qb1 Bxg2 22. Kxg2 bxc4 23. Rxc4 Qb7+ 24. Qe4 Nd5 25. Rec1 Rxc4 26. Rxc4 Qb8 27. Ng1 Nb6 28. Rc2 Nd7 29. Nf3 Qd6 30. Rd2 Qc7 31. Nxe5 Nxe5 32. Rxd8+ Qxd8 33. Bxe5 Qe8 34. f4 Bxe5 35. Qxe5 Qc6+ 36. Kf2 h6 37. Qe2 Qc5+ 38. Kf1 Qc1+ 39. Qe1 Qc6 40. Kf2 Qc2+ 41. Qe2 Qc5+ 42. Kg2 Qc6+ 43. Kh3 Qc8+ 44. Qg4 Qc1 45. Qf3 Qc8+ 46. f5 Kh7 47. a4 Qc2 48. Qd5 Kg8 49. a5 Qb1 50.
Qf3 Kh7 51. Kg4 Qc2 52. h4 Qc5 53. Qb7 h5+ 54. Kf4 Qc1+ 55.
Ke5 Qe3+ 56. Kd6 Qxg3+ 57. Kd7 Qd3+ 58. Ke8 Qxf5 59. Qxa6 Kg8 60. Qc4 Qe5+ 61. Kd7 Qxa5 62. b4 Qa7+ 63. Kc6 Qa8+ 64. Kb6 Qb8+ 65. Ka5 Qa8+ 66. Kb5 Qb8+ 67. Ka5 Qd8+ 68. Ka4 Qd1+ 69. Kb5 Qg4 70. Kc5 g5 71. b5 1/2-1/2

[Event "44th Chess Olympiad Women 2022"]
[Site "Chennai"]
[Date "2022.08.05"]
[Round "7.36"]
[White "Al-Fayyadh, Zainab Asif Abdulah"]
[Black "Hernandez Alvarez, Tania Regla"]
[Result "0-1"]
[WhiteElo "1749"]
[BlackElo "2058"]
[Annotator "NA RC"]
[PlyCount "108"]
[EventDate "2022.??.??"]
[TimeControl "60"]

1. e4 c5 2. Nc3 Nc6 3. f4 e6 4. Nf3 d5 5. Bb5 Nge7 6. O-O a6 7. Bxc6+ Nxc6 8. exd5 exd5 9. Kh1 Be7 10. d4 cxd4 11. Nxd4 O-O 12. Nce2 Bf6 13. h3 Re8 14. c3 Qb6 15. Nf3 Bf5 16. Qxd5 Bxh3 17. Ng5 Bxg5 18. fxg5 Be6 19. Qf3 Bc4 20. Ng3 Bxf1 21. Qxf1 Ne5 22. b3 Rad8 23. Nf5 Ng4 24. Ba3 Qc7 25. g3 g6 26. Nh6+ Nxh6 27. gxh6 Qxg3 28. Qg2 Qh4+ 29. Qh2 Re4 30. Qxh4 Rxh4+ 31. Kg2 Rxh6 32. Re1 Rh5 33. Re7 Ra5 34. Bb4 Rxa2+ 35. Kg3 b6 36. Rb7 b5 37. Be7 Rd3+ 38. Kf4 Kg7 39. Rb6 Rf2+ 40. Ke4 Rxc3 41. Kd4 Rxb3 42. Rxa6 Rf4+ 43. Kc5 Rf5+ 44. Kd4 g5 45. Ra8 g4 46. Bf8+ Kg6 47. Be7 g3 48. Rg8+ Kh5 49. Ke4 Rbf3 50. Rg7 R3f4+ 51. Ke3 Rg4 52. Rxh7+ Kg6 53. Rh8 Kg7 54. Rh1 g2 0-1

[Event "44th Chess Olympiad Women 2022"]
[Site "Chennai"]
[Date "2022.08.05"]
[Round "7.36"]
[White "Diaz Charpentier, Kristel Meliss"]
[Black "Sara Masood Abdullah"]
[Result "0-1"]
[WhiteElo "1989"]
[BlackElo "1677"]
[Annotator "NA RC"]
[PlyCount "92"]
[EventDate "2022.??.??"]
[TimeControl "60"]

1. Nf3 Nf6 2. c4 e6 3. g3 d5 4. Bg2 Be7 5. O-O dxc4 6. Qa4+ Bd7 7. Qxc4 a6 8. d4 Bc6 9. Nc3 O-O 10. Rd1 b5 11. Qd3 b4 12. Nb1 Be4 13.
Qc4 Nbd7 14. Nbd2 Bd5 15. Qd3 c5 16. e4 Bb7 17. e5 Nd5 18.
Ne4 Qc7 19. Neg5 g6 20. Bd2 c4 21. Qe4 Kg7 22. Qg4 Rae8 23.
Qh3 h5 24. Nh4 c3 25. bxc3 Bxg5 26. Bxg5 Nxc3 27. Re1 Bxg2 28.
Nxg2 Qc4 29. Nf4 Qxd4 30. Nxh5+ gxh5 31. Qxh5 Rh8 32. Bf6+ Nxf6 33. Qg5+ Kf8 34. exf6 Rh7 35. Re3 Ne2+ 36. Rxe2 Qxa1+ 37. Kg2 Qd4 38. Rd2 Qe4+ 39. f3 Qf5 40. Qxf5 exf5 41. g4 Rc8 42. g5 Ke8 43. Kg3 Rc4 44. Re2+ Kd8 45. Re7 Rch4 46. Rxf7 f4+ 0-1

[Event "44th Chess Olympiad Women 2022"]
[Site "Chennai"]
[Date "2022.08.05"]
[Round "7.36"]
[White "Ramirez Gonzalez, Maria Jose"]
[Black "Tiba, Mahdi Attiyah"]
[Result "0-1"]
[WhiteElo "1809"]
[BlackElo "1759"]
[Annotator "NA"]
[PlyCount "70"]
[EventDate "2022.??.??"]
[TimeControl "60"]

1. d4 d5 2. c4 c6 3. cxd5 cxd5 4. Nc3 Nc6 5. e4 e6 6. e5 Bb4 7. Qg4 Bf8 8.
Bd3 a6 9. a4 Nge7 10. Nge2 Qb6 11. O-O Ng6 12. Be3 Bd7 13. h4 h5 14. Qg3 Nge7 15. Rfc1 Nb4 16. Bb1 Nec6 17. f4 Na5 18. Ba2 Nxa2 19. Rxa2 Nc4 20. Qf2 g6 21. Ng3 Be7 22. Nf1 Rc8 23. g3 Bb4 24. Qe2 Qa5 25. Ne4 Ke7 26. Nf6 Rc6 27. Nxd7 Kxd7 28. b3 Nxe3 29. Rxc6 Nxf1 30. Rcc2 Nxg3 31. Qg2 Nf5 32. Qg5 Nxd4 33. Qf6 Rf8 34. Rg2 Qc5 35. Ra1 Nc2+ 0-1

[Event "44th Chess Olympiad Women 2022"]
[Site "Chennai"]
[Date "2022.08.05"]
[Round "7.37"]
[White "Mahmoud, Roula"]
[Black "Jannatul, Ferdous"]
[Result "0-1"]
[WhiteElo "1765"]
[BlackElo "1815"]
[Annotator "NA RC"]
[PlyCount "96"]
[EventDate "2022.??.??"]
[TimeControl "60"]

1. e4 c6 2. d4 d5 3. Nc3 dxe4 4. Nxe4 Bf5 5. Ng3 Bg6 6. Nh3 e6 7. Nf4 Nf6 8. h4 Bd6 9. h5 Be4 10. Qe2 Bxf4 11. Bxf4 Qxd4 12. Rd1 Qxb2 13. f3 Bxc2 14. Qd2 Nd5 15. Bc4 Qf6 16. Ne4 Bxe4 17. fxe4 Qxf4 18. Qxf4 Nxf4 19. g3 Nxh5 20. Rxh5 Nd7 21. a4 O-O-O 22. Rc1 h6 23. a5 Nf6 24. Rh2 Nxe4 25. a6 b6 26. g4 Rd4 27. Re2 Nc5 28.
Rf2 f6 29. Re2 Re4 30. Rxe4 Nxe4 31. Bxe6+ Kc7 32. Bf5 Re8 33. Bg6 Re5 34. Ke2 b5 35. Kf3 Nc5 36. Ra1 Kb6 37. Rd1 Kxa6 38. Rd8 Kb7 39. Rf8 Re7 40. Rd8 b4 41. Rd1 a5 42. Rc1 Kb6 43. Bf5 b3 44. Rb1 a4 45.
Kg3 a3 46. Kh4 b2 47. Bc2 Ka7 48. Kh5 a2 0-1

[Event "44th Chess Olympiad Women 2022"]
[Site "Chennai"]
[Date "2022.08.05"]
[Round "7.37"]
[White "Noshin, Anjum"]
[Black "Ahmad Murad, Fatema Alzahraa."]
[Result "1-0"]
[WhiteElo "2027"]
[BlackElo "1791"]
[Annotator "NA RC"]
[PlyCount "135"]
[EventDate "2022.??.??"]
[TimeControl "60"]

1. e4 e6 2. d4 d5 3. Nc3 Bb4 4. e5 c5 5. a3 Bxc3+ 6. bxc3 Qa5 7. Bd2 Qa4 8. Qg4 Kf8 9. Qd1 Nc6 10. Nf3 Nge7 11. Qb1 c4 12. Be2 Nf5 13. O-O f6 14. Re1 Kf7 15. Bf1 Qa5 16. a4 Qc7 17. Qd1 Rf8 18.
g3 Kg8 19. exf6 gxf6 20. Bf4 Qf7 21. Bh3 Ng7 22. Bg2 Ne7 23.
Bd6 Re8 24. Nh4 Nef5 25. Nxf5 Nxf5 26. Qg4+ Kh8 27. Bf4 Bd7 28. Qf3 Bc6 29. Bh3 Qg6 30. Qg4 Rad8 31. Qxg6 hxg6 32. a5 Kg7 33. Bg4 Kf7 34. h4 Nd6 35. Bxd6 Rxd6 36. Re3 e5 37. Rae1 exd4 38. cxd4 Rxe3 39. fxe3 f5 40. Bf3 Kf6 41. Rb1 Ke6 42. Kf2 a6 43. c3 Bb5 44. g4 b6 45. gxf5+ gxf5 46. axb6 Rxb6 47. Kg3 Rb7 48. Kf4 Bc6 49. Rxb7 Bxb7 50. h5 a5 51. Bd1 Kf6 52. Ba4 Bc8 53. h6 Kg6 54. Ke5 Bb7 55. Bb5 Kxh6 56. Kxf5 Kh5 57. Kf4 Kg6 58. e4 dxe4 59. Bxc4 a4 60. d5 e3 61. Kxe3 Kf5 62. Kd4 Kf6 63.
Ba2 Ke7 64. Kc5 Kd7 65. c4 Kc7 66. Kb4 Kd6 67. c5+ Ke5 68.
Kxa4 1-0

[Event "44th Chess Olympiad Women 2022"]
[Site "Chennai"]
[Date "2022.08.05"]
[Round "7.37"]
[White "Talukder, Umme Taslima Protiv"]
[Black "Khalil, Manar"]
[Result "0-1"]
[WhiteElo "1769"]
[BlackElo "1831"]
[Annotator "NA RC"]
[PlyCount "112"]
[EventDate "2022.??.??"]
[TimeControl "60"]

1. d4 d5 2. c4 dxc4 3. e3 Nf6 4. Bxc4 e6 5. Nc3 a6 6. Nf3 b5 7. Be2 Bb7 8. O-O Nbd7 9. a3 c5 10. dxc5 Bxc5 11. b4 Be7 12. Bb2 O-O 13. Nd4 Ne5 14. Qb3 Qb6 15. Rfd1 Rac8 16. Rac1 Nc4 17. Bf3 Bxf3 18. Nxf3 Rfd8 19. Rxd8+ Qxd8 20. Rd1 Qb6 21. Ne2 Nxb2 22. Qxb2 h6 23. h3 a5 24. bxa5 Qxa5 25. Rd3 Ne4 26. Rb3 Rc5 27. Qd4 Ng5 28. Ng3 Rc1+ 29. Nf1 Nxf3+ 30. gxf3 Bxa3 31. Qd7 b4 32. Kg2 Rc3 33. Qe8+ Kh7 34. Rb1 Qf5 35. Nd2 Rc2 36. Ne4 Qg6+ 37. Kf1 f5 38. Qxg6+ Kxg6 39. Nd6 Rc1+ 40. Rxc1 Bxc1 41. Ke2 Bb2 42. Kd3 Kh5 43. e4 Kh4 44. exf5 exf5 45. Nxf5+ Kxh3 46. Ne3 h5 47. Kc4 Bc3 48. Kd5 h4 49. Ke4 b3 50. Nd1 Bf6 51. Kd3 b2 52. Kc2 Kg2 53.
f4 h3 54. f5 h2 55. Ne3+ Kf3 56. Nd5 h1=Q 0-1

[Event "44th Chess Olympiad Women 2022"]
[Site "Chennai"]
[Date "2022.08.05"]
[Round "7.38"]
[White "Bacic, Kristina"]
[Black "Phiri Bertha"]
[Result "1/2-1/2"]
[WhiteElo "1866"]
[BlackElo "1606"]
[Annotator "NA RC"]
[PlyCount "78"]
[EventDate "2022.??.??"]
[TimeControl "60"]

1. d4 d5 2. Nf3 Nf6 3. Bf4 Bf5 4. e3 e6 5. Bd3 Ne4 6. O-O Bd6 7. Bxd6 Qxd6 8. c4 c6 9. Qc2 Nd7 10. Nc3 Ndf6 11. Ne5 O-O 12. Ne2 Qe7 13. c5 Nd7 14. Nxd7 Qxd7 15. b4 b6 16. a4 bxc5 17. dxc5 a6 18. Nd4 Bg6 19. b5 axb5 20. axb5 cxb5 21. c6 Qe7 22. Nxb5 Nd6 23. Bxg6 hxg6 24. Nxd6 Qxd6 25. c7 Rac8 26. Ra7 Rfe8 27. Rb1 Kh7 28. g3 Re7 29. Rbb7 e5 30. h4 d4 31. Qd3 Rcxc7 32. Rxc7 Rxc7 33. Rxc7 Qxc7 34. exd4 exd4 35. Qxd4 Qe7 36. Kg2 f6 37. Qd3 Qe5 38. f4 Qh5 39. Kf2 Qg4 1/2-1/2

[Event "44th Chess Olympiad Women 2022"]
[Site "Chennai"]
[Date "2022.08.05"]
[Round "7.38"]
[White "Bwalya Mulwale, Lubuuto"]
[Black "Koljevic, Nikolina"]
[Result "1/2-1/2"]
[WhiteElo "1751"]
[BlackElo "2014"]
[Annotator "NA RC"]
[PlyCount "178"]
[EventDate "2022.??.??"]
[TimeControl "60"]

1. d4 Nf6 2. Nf3 e6 3. Bf4 d5 4. e3 Bd6 5. Bg3 O-O 6. Bd3 b6 7. Nbd2 Bb7 8. c3 c5 9. Qe2 Ne4 10. Bxd6 Qxd6 11. h4 f5 12. Ng5 Nd7 13. Bxe4 fxe4 14. O-O-O cxd4 15. exd4 b5 16. f3 b4 17. cxb4 Qxb4 18. fxe4 Qxd4 19. Nb3 Qf2 20. Qxf2 Rxf2 21. Rd2 Rxd2 22. Nxd2 Nc5 23. Rh3 h6 24. b4 Na6 25. Nxe6 Re8 26. Nc5 Nxc5 27. bxc5 dxe4 28. Re3 Re5 29. Nb3 a5 30. Kb2 a4 31. Na5 Ba8 32. Ka3 Rxc5 33. Kxa4 Rc2 34. g3 Rxa2+ 35. Kb4 Rf2 36. Kc3 Kf7 37. Nb3 Ke6 38. Nc5+ Kf5 39. Kd4 Rd2+ 40. Kc3 Rd1 41. Kc2 Rd6 42. Kc3 Ke5 43. Nb3 Rc6+ 44. Kd2 Ra6 45. Nc1 Bd5 46. Rc3 Ra7 47. Ne2 Rf7 48. Nf4 g5 49. hxg5 hxg5 50. Ne2 Rd7 51. Ke3 Kf5 52. Rc5 Kg4 53. Nc3 Bb7 54. Nxe4 Bxe4 55. Kxe4 Re7+ 56. Kd4 Re1 57. Kd3 Rg1 58. Ke2 Rg2+ 59. Kf1 Rxg3 60. Kf2 Rf3+ 61. Kg2 Rf4 62. Rc3 Rb4 63. Rg3+ Kf4 64. Rf3+ Ke4 65. Rc3 Kf4 66. Rf3+ Ke5 67. Kg3 Rb1 68. Kg2 Rd1 69. Re3+ Kf5 70. Rf3+ Ke4 71. Ra3 Re1 72. Ra5 Kf4 73. Ra4+ Kf5 74. Ra5+ Kg4 75. Ra4+ Kh5 76. Ra8 Re3 77. Ra5 Rb3 78. Rc5 Kh4 79. Rc4+ g4 80. Rc2 Ra3 81. Rb2 Ra4 82. Rc2 Kg5 83. Rf2 Rb4 84. Kh2 Kh4 85. Kg2 g3 86. Rc2 Kg4 87. Ra2 Rb3 88.
Ra4+ Kf5 89. Ra5+ Ke4 1/2-1/2